 Dungeon Sprint DCSS version 0.24-a0-525-g9231cdc (webtiles) character file.

Game seed: 6534673220359965304

8050 schets the Severer (level 11, -15/111 HPs)
             Began as a Hill Orc Fighter on Aug 4, 2019.
             Was a Believer of Uskayaw.
             Demolished by a golden dragon (19 damage)
             ... in the Dungeon (Sprint I: "Red Sonja").
             The game lasted 00:05:11 (3465 turns).

schets the Severer (Hill Orc Fighter)               Turns: 3465, Time: 00:05:11

Health: -15/111    AC: 14    Str: 23    XL:     11   Next: 24%
Magic:  0/20       EV:  8    Int:  8    God:    Uskayaw [**....]
Gold:   639        SH: 12    Dex: 10    Spells: 10/10 levels left

rFire    . . .     SeeInvis .   a - +0 war axe
rCold    . . .     Gourm    .   c - +0 shield
rNeg     . . .     Faith    .   q - +0 plate armour "Odotteekh" {Regen+} (curse)
rPois    .         Spirit   +   (no helmet)
rElec    .         Reflect  .   f - scarf {Spirit}
rCorr    .         Harm     .   (no gloves)
MR       .....     NoTele   +   (no boots)
Stlth    ..........             (no amulet)
HPRegen  0.68/turn              (no ring)
MPRegen  0.17/turn              (no ring)

@: drained
A: no striking features
a: Stomp, Line Pass, Renounce Religion


You were in the Dungeon.
You worshipped Uskayaw.
Uskayaw was pleased with you.
You were near starving.

You visited 1 branch You collected 1193 gold pieces.
You spent 554 gold pieces at shops.

Inventory:

Hand Weapons
 a - a +0 war axe (weapon)
 k - a +1 morningstar of draining
Missiles
 p - 7 curare-tipped darts (quivered)
Armour
 b - a +0 scale mail
 c - a +0 shield (worn)
 f - a scarf of spirit shield (worn)
 q - the cursed +0 plate armour "Odotteekh" (worn) {Regen+}
   (You bought it in a shop in the Dungeon)

   It increases your rate of regeneration.
   It has a curse placed upon it.
Wands
 e - a wand of flame (1)
 g - a wand of digging (5)
Scrolls
 j - 2 scrolls of blinking
 l - a scroll of amnesia {unknown}
 o - 2 scrolls of identify {unknown}
Potions
 d - a potion of might
 h - a potion of haste
 i - 2 potions of magic
 m - a potion of resistance
 n - 3 potions of curing


   Skills:
 * Level 14.8(13.9) Fighting
 * Level 15.7(14.8) Axes
 + Level 8.1(7.4) Throwing
 + Level 10.4(9.6) Armour
 + Level 7.4(6.7) Dodging
 + Level 10.3(9.6) Shields
 * Level 13.1(12.3) Invocations


You had 10 spell levels left.
You didn't know any spells.
Your spell library was empty.

Dungeon Overview and Level Annotations

Branches:
Dungeon (1/1)

Altars:
Cheibriados
Dithmenos
Elyvilon
Fedhas
Gozag
Hepliaklqana
Kikubaaqudgha
Makhleb
Nemelex Xobeh
Okawaru
Qazlal
Ru
Sif Muna
Trog
Uskayaw
Vehumet
Wu Jian
Xom
Yredelemnul
Zin
The Shining One
Jiyva
Lugonu

Shops:
D ![


Message History

The golden dragon is moderately wounded.
You closely miss the shadow dragon. The golden dragon bites you.
The golden dragon barely misses you. The golden dragon tramples you.
You hold your ground!
You block the shadow dragon's attack. The shadow dragon claws you.
The shadow dragon claws you but does no damage.
You hit the golden dragon.
The golden dragon is heavily wounded.
You barely miss the shadow dragon. The golden dragon breathes fire at you.
The bolt of fire hits you!!!
* * * LOW HITPOINT WARNING * * *
The shadow dragon bites you but does no damage.
You block the shadow dragon's attack. The shadow dragon claws you!
* * * LOW HITPOINT WARNING * * *
You slash the golden dragon!
The golden dragon is heavily wounded.
You hit the shadow dragon but do no damage.
The golden dragon bites you!!
You die...

§.§..'.§#^§+§§§§#
§§§§##..'^§#§§§$##
.§§#######+#§§$§$#
##+# ..#§§§$§# #.#
#..##§§§$# #..
#..≈###+## ##.
#..≈ #(####+# .#
#..≈.##'#§§§.## ##
#..≈##§.@§.§..#
#§§§DD^^...#
#§§§§......#
#§§.§..§.§...
#§.§..§..§...
##§§........#
#$$$$$$§§§$#
##$$$$$$$$##


You could see a shadow dragon and a golden dragon.

Vanquished Creatures
  A hydra (D)
  2 centaur warriors (D)
  Sonja (D)
  A deep troll (D)
  A lindwurm (D)
  A gargoyle (D)
  4 demonic crawlers (D)
  2 kobold demonologists (D)
  A hornet (D)
  A slime creature (D)
  Sigmund (D)
  A yak (D)
  13 hogs (D)
  2 floating eyes (D)
  An ogre (D)
  A jelly (D)
  Ijyb (D)
  A ballistomycete (D)
36 creatures vanquished.

Vanquished Creatures (others)
  the Lernaean hydra (D)
  A deep elf master archer (D)
  2 merfolk sirens (D)
  4 hornets (D)
  2 ballistomycete spores (D)
10 creatures vanquished.

Grand Total: 46 creatures vanquished

Notes
Turn   | Place    | Note
-------+----------+-------------------------------------------
     0 | D        | schets the Hill Orc Fighter began the quest for the Orb.
     0 | D        | Reached XP level 1. HP: 19/19 MP: 1/1
     1 | D        | Noticed Ijyb
    15 | D        | Killed Ijyb
    15 | D        | Reached skill level 4 in Axes
    15 | D        | Reached skill level 1 in Throwing
    15 | D        | Reached skill level 1 in Dodging
    15 | D        | Reached XP level 2. HP: 25/28 MP: 2/2
    45 | D        | Noticed an ogre
    52 | D        | Killed an ogre
    52 | D        | Reached skill level 6 in Axes
    52 | D        | Reached XP level 3. HP: 16/38 MP: 3/3
    52 | D        | Reached XP level 4. HP: 19/45 MP: 4/4
   236 | D        | Noticed Sigmund
   249 | D        | HP: 2/45 [poisoned by Sigmund]
   255 | D        | Killed Sigmund
   255 | D        | Reached skill level 8 in Axes
   255 | D        | Reached skill level 5 in Armour
   255 | D        | Reached skill level 5 in Shields
   255 | D        | Reached XP level 5. HP: 21/53 MP: 5/5
   255 | D        | Reached XP level 6. HP: 24/61 MP: 6/6
   461 | D        | Killed a hornet
   545 | D        | Found a burning altar of Makhleb.
   545 | D        | Found a viscous altar of Jiyva.
   545 | D        | Found a shimmering altar of Xom.
   545 | D        | Found a corrupted altar of Lugonu.
   545 | D        | Noticed a slime creature
   547 | D        | Found an ornate altar of the Wu Jian Council.
   547 | D        | Found a deep blue altar of Sif Muna.
   549 | D        | Found a radiant altar of Vehumet.
   689 | D        | Found Puleliu's Distillery.
   689 | D        | Found an ancient bone altar of Kikubaaqudgha.
   689 | D        | Found a hazy altar of Hepliaklqana.
   689 | D        | Found a hide-covered altar of Uskayaw.
   689 | D        | Found a basalt altar of Yredelemnul.
   689 | D        | Found an opulent altar of Gozag.
   689 | D        | Found a snail-covered altar of Cheibriados.
   689 | D        | Found a sacrificial altar of Ru.
   689 | D        | Found a shadowy altar of Dithmenos.
   689 | D        | Noticed a yak
   696 | D        | Killed a yak
   696 | D        | Reached skill level 9 in Axes
   696 | D        | Reached XP level 7. HP: 45/70 MP: 7/7
   697 | D        | Found a stormy altar of Qazlal.
   697 | D        | Found a blossoming altar of Fedhas.
   697 | D        | Found a bloodstained altar of Trog.
   697 | D        | Found an iron altar of Okawaru.
   697 | D        | Found a glowing golden altar of the Shining One.
   697 | D        | Found a glowing silver altar of Zin.
   697 | D        | Found a white marble altar of Elyvilon.
   700 | D        | Found a sparkling altar of Nemelex Xobeh.
   757 | D        | Became a worshipper of Uskayaw the Reveler
   813 | D        | Bought a potion of resistance for 110 gold pieces
   813 | D        | Bought a potion of curing for 33 gold pieces
   813 | D        | Bought a potion of curing for 33 gold pieces
   834 | D        | Reached * piety under Uskayaw
   837 | D        | Reached ** piety under Uskayaw
   842 | D        | Reached *** piety under Uskayaw
   843 | D        | Killed a slime creature
   843 | D        | Reached skill level 10 in Axes
   922 | D        | Killed a hornet
  1060 | D        | Noticed a kobold demonologist
  1060 | D        | Noticed a kobold demonologist
  1061 | D        | Noticed an orange demon
  1063 | D        | Noticed a neqoxec
  1065 | D        | Reached skill level 10 in Fighting
  1067 | D        | Reached **** piety under Uskayaw
  1068 | D        | Killed a kobold demonologist
  1068 | D        | Reached skill level 11 in Axes
  1068 | D        | Reached skill level 5 in Throwing
  1068 | D        | Reached skill level 5 in Invocations
  1068 | D        | Reached XP level 8. HP: 60/81 MP: 9/12
  1068 | D        | Killed a kobold demonologist
  1068 | D        | Reached skill level 5 in Dodging
  1179 | D        | Killed a merfolk siren
  1334 | D        | Noticed a demonic crawler
  1334 | D        | Noticed a demonic crawler
  1334 | D        | Noticed a demonic crawler
  1334 | D        | Noticed a demonic crawler
  1341 | D        | Killed a demonic crawler
  1341 | D        | Reached skill level 12 in Axes
  1344 | D        | Killed a demonic crawler
  1344 | D        | Reached XP level 9. HP: 27/89 MP: 12/14
  1344 | D        | Killed a demonic crawler
  1344 | D        | Reached ***** piety under Uskayaw
  1351 | D        | Killed a demonic crawler
  1671 | D        | Noticed a gargoyle
  1683 | D        | Killed a gargoyle
  1683 | D        | Reached skill level 13 in Axes
  1753 | D        | Killed a hornet
  1756 | D        | Killed a hornet
  1783 | D        | Noticed a lindwurm
  1799 | D        | Killed a lindwurm
  1982 | D        | Killed a merfolk siren
  2156 | D        | Reached skill level 10 in Invocations
  2165 | D        | Reached XP level 10. HP: 87/100 MP: 14/17
  2183 | D        | Reached skill level 14 in Axes
  2184 | D        | Reached ****** piety under Uskayaw
  2274 | D        | Killed the 27-headed Lernaean hydra
  2357 | D        | Noticed a 12-headed hydra
  2389 | D        | Noticed a centaur warrior
  2389 | D        | Noticed a centaur warrior
  2410 | D        | Killed a centaur warrior
  2419 | D        | Killed a centaur warrior
  2419 | D        | Reached skill level 15 in Axes
  2419 | D        | Reached skill level 10 in Armour
  2751 | D        | Noticed a deep troll
  2760 | D        | Killed a deep troll
  2760 | D        | Reached skill level 10 in Shields
  2760 | D        | Reached XP level 11. HP: 74/111 MP: 13/20
  2793 | D        | Found Cimug's Armour Emporium.
  2798 | D        | Bought the cursed +0 plate armour "Odotteekh" {Regen+} for
                  | 378 gold pieces
  2957 | D        | Paralysed by a hornet for 2 turns
  3083 | D        | Noticed Sonja
  3098 | D        | Killed Sonja
  3222 | D        | Killed a deep elf master archer
  3276 | D        | Killed a 12-headed hydra
  3452 | D        | Noticed a shadow dragon
  3453 | D        | Noticed a golden dragon
  3464 | D        | HP: 3/111 [shadow dragon (7)]
  3465 | D        | Demolished by a golden dragon

Levels and vault maps discovered:
D:        dungeon_sprint_1 [red_sonja_temple_1, red_sonja_temple_small_1]

Skill      XL: |  1  2  3  4  5  6  7  8  9 10 11 |
---------------+----------------------------------+-----
Fighting       | 4 6 8 9 10 11 12 14 | 14.8
Axes           | 4 6 8 9 11 12 13 15 | 15.7
Throwing       | 1 2 3 4 5 6 7 8 |  8.1
Dodging        | 1 2 3 4 5 6 7 |  7.4
Armour         | 4 5 6 7 8 9 10 | 10.4
Shields        | 4 5 6 7 8 9 10 | 10.3
Invocations    | 5 7 10 12 13 | 13.1

Action                   |  1- 3 |  4- 6 |  7- 9 | 10-12 || total
-------------------------+-------+-------+-------+-------++-------
Melee: War axe           |    19 |    20 |    75 |    88 ||   202
       Morningstar       |       |       |       |     6 ||     6
Throw: Dart              |       |       |       |     2 ||     2
Evoke: Wand              |       |       |       |     8 ||     8
  Use: Potion            |       |     2 |     1 |     1 ||     4
       Scroll            |       |       |       |     1 ||     1
 Stab: Paralysed         |       |       |    13 |     7 ||    20
  Eat: Ration            |       |       |     1 |       ||     1
       Chunk             |       |       |       |     3 ||     3
Armor: Scale mail        |     4 |     5 |    17 |     9 ||    35
       Plate armour      |       |       |       |    31 ||    31
Dodge: Dodged            |     8 |     4 |    28 |    30 ||    70
Block: Shield            |     6 |     4 |    44 |    54 ||   108

Table legend:
 A = Non-vault XP
 B = Vault XP
 C = Vault XP percentage of total XP
 D = Non-vault monster count
 E = Vault monster count
 F = Vault count percentage of total count
                 A         B        C        D         E       F
            +---------+---------+-------+---------+---------+-------
      Total |       0 |   11501 | 100.0 |       0 |      35 | 100.0
            +---------+---------+-------+---------+---------+-------
          D |       0 |   11501 | 100.0 |       0 |      35 | 100.0
            +---------+---------+-------+---------+---------+-------
